AoeStats
← Whololo_95

Hideout

510149274Analyzed
1v1 RM · 3d ago on Sep 29, 2026· 52m 22s· 2 players
Game mode
Random Map
Map size
Tiny (2 player)
Population
200
Speed
Normal
Resources
Standard
Victory
Conquest
Starting age
Dark Age
Ending age
Imperial Age
RankedLock teamsTeams togetherTeam positionsShared explorationLock speedFull tech treeHidden civsTurbo modeCheats
Victory
Defeat
🇩🇪 Danes · Germany
792
+16
🇦🇷 Georgians · Argentina
787
-16
TEC212426
2:15 Loom
10:49 Feudal Age
11:41 Double-Bit Axe
11:40 Horse Collar
16:25 Fletching
18:33 Bloodlines
19:16 Scale Barding Armor
19:54 Town Watch
20:57 Forging
23:28 Wheelbarrow
24:52 Padded Archer Armor
27:50 Castle Age
28:25 Gold Mining
28:26 Stone Mining
29:07 Bow Saw
29:13 Husbandry
34:41 Iron Casting
35:10 Town Patrol
35:58 Town Patrol
36:02 Heavy Plow
37:23 Chain Barding Armor
38:32 Hand Cart
39:42 Svan Towers
39:39 Bodkin Arrow
44:49 Guard Tower
45:19 Ballistics
45:11 Masonry
44:42 Treadmill Crane
44:59 Murder Holes
Whololo_95
11:32 Feudal Age
12:30 Double-Bit Axe
12:54 Horse Collar
14:16 Wheelbarrow
13:55 Man-at-Arms
15:07 Arson
17:27 Forging
17:18 Scale Mail Armor
22:46 Castle Age
28:41 Bow Saw
28:34 Heavy Plow
41:46 Hand Cart
42:32 Squires
43:21 Iron Casting
43:02 Chain Mail Armor
49:51 Imperial Age
50:21 Elite Varangian Guard
Connection lost

Rejoining the realm…

Still unreachable

The connection could not be restored.

Session expired

The server has moved on; the page needs a fresh start.